Map: Lerilak Crest

Players

Reynor - Winner!

  • Race: Zerg Zerg
  • League: Grandmaster

Semper

  • Race: Terran Terran
  • League: Grandmaster

Event: DreamHack ROCCAT LotV Championship

VOD

Have the link to the VOD?

Description

Time

  • Played on: Nov. 26, 2015, 9:43 a.m.
  • Length: 10:17

All games in this series

Show
View Real Time Build Order
Export as new Build Order

Reynor Zerg - Winner!

Build Orders: Hatch First, Muta Ling Bane 

Get SALT Encoding   

  12  0:01  Drone  
  13  0:12  Overlord  
  13  0:17  Drone  
  14  0:24  Drone, Extractor  
  15  0:31  Drone  
  15  0:34  Drone  
  17  0:54  Hatchery  
  16  0:57  Drone  
  16  1:00  Drone  
  16  1:04  Extractor  
  17  1:16  Spawning Pool  
  16  1:19  Drone  
  16  1:22  Drone  
  18  1:29  Drone  
  19  1:42  Overlord  
  19  1:50  Drone  
  20  2:00  Drone  
  21  2:02  Queen  
  21  2:06  Zergling x2, Queen  
  26  2:11  Metabolic Boost  
  26  2:14  Drone  
  27  2:22  Drone x2  
  29  2:27  Overlord  
  29  2:33  Drone  
  30  2:41  Drone  
  30  2:43  Zergling x2  
  31  2:53  Hatchery, Drone  
  31  2:54  Drone  
  32  3:00  Queen  
  32  3:05  Zergling x4  
  36  3:12  Zergling x2  
  37  3:16  Zergling x2  
  37  3:19  Zergling x6  
  41  3:26  Overlord  
  41  3:27  Drone  
  41  3:28  Drone  
  43  3:36  Drone  
  43  3:37  Overlord  
  44  3:44  Queen  
  44  3:46  Drone x2  
  48  3:49  Queen  
  48  3:52  Zergling x4  
  48  3:54  Overlord  
  52  3:57  Drone x2  
  54  4:03  Drone  
  54  4:05  Drone x2  
  57  4:14  Drone x4  
  57  4:16  Drone x2  
  63  4:18  Extractor  
  63  4:19  Baneling Nest  
  63  4:23  Drone  
  63  4:24  Drone, Overlord  
  63  4:27  Zergling x2  
  61  4:32  Drone x2  
  61  4:35  Drone  
  61  4:37  Drone  
  65  4:40  Drone  
  65  4:43  Evolution Chamber  
  65  4:44  Evolution Chamber, Zergling x6  
  67  4:51  Drone, Zergling x2  
  67  4:52  Zergling x2  
  70  4:59  Drone  
  69  5:01  Drone  
  69  5:02  Drone  
  69  5:05  Drone x3  
  74  5:11  Zerg Ground Armor Level 1  
  74  5:12  Zerg Melee Weapons Level 1  
  74  5:14  Drone x5  
  78  5:18  Overlord  
  79  5:22  Drone  
  79  5:29  Drone x2  
  79  5:30  Lair  
  79  5:31  Extractor  
  79  5:32  Extractor  
  79  5:34  Spore Crawler, Drone x3  
  81  5:35  Spore Crawler  
  81  5:36  Drone, Overlord  
  81  5:39  Drone  
  81  5:40  Drone x4  
  86  5:43  Drone x2  
  86  5:46  Drone, Extractor  
  88  5:52  Spore Crawler  
  88  5:53  Drone  
  88  5:56  Drone  
  90  5:57  Drone  
  90  5:58  Hatchery  
  90  6:00  Extractor  
  88  6:11  Drone x2  
  88  6:18  Zergling x8  
  86  6:19  Zergling x2  
  89  6:30  Drone  
  89  6:31  Drone x2, Centrifical Hooks  
  90  6:32  Spire  
  90  6:34  Zergling x2  
  90  6:35  Zergling x14  
  96  6:44  Zergling x4  
  98  6:49  Overlord  
  98  6:50  Overlord, Pneumatized Carapace  
  98  6:53  Hatchery  
  96  7:17  Zergling x2  
  96  7:18  Zergling x30  
  96  7:22  Overlord  
  112  7:24  Queen  
  112  7:27  Overlord  
  112  7:34  Baneling x3  
  112  7:46  Mutalisk x9  
  112  7:47  Mutalisk x2  
  112  7:48  Drone  
  135  7:56  Overlord  
  135  7:57  Baneling  
  135  7:58  Baneling x5  
  134  8:03  Overlord  
  133  8:08  Drone, Overlord  
  133  8:11  Overlord  
  134  8:14  Queen  
  134  8:17  Drone x3, Zergling x2  
  134  8:18  Drone x2  
  142  8:21  Zergling x2  
  142  8:22  Extractor x2, Zergling x2  
  142  8:23  Zergling x16  
  142  8:24  Overlord  
  149  8:28  Baneling x4  
  149  8:29  Baneling x5  
  149  8:31  Zergling x10  
  149  8:33  Zergling x2  
  155  8:39  Zergling x6  
  158  8:44  Mutalisk x2  
  158  8:47  Drone x4  
  158  8:48  Drone  
  162  8:50  Drone x4  
  165  8:58  Mutalisk x2  
  165  9:00  Zergling x8  
  173  9:04  Overlord x2  
  173  9:16  Baneling x3  
  173  9:17  Baneling x4  
  173  9:23  Zergling x2  
  173  9:24  Zergling x22  
  163  9:32  Mutalisk x2, Overseer  
  163  9:33  Mutalisk x2  
  163  9:37  Drone  
  163  9:38  Drone x2  
  174  9:40  Spine Crawler  
  174  9:42  Baneling x3  
  174  9:43  Baneling  
  173  9:49  Zergling x2  
  173  9:50  Zergling x8  
  173  9:52  Baneling  
  178  9:53  Baneling x7  
  178  9:54  Zergling x4  
  178  9:57  Zergling x6  
Show
View Real Time Build Order
Export as new Build Order

Semper Terran 

Build Orders: MMM Bio 

Get SALT Encoding   

  12  0:01  SCV  
  13  0:13  SCV  
  14  0:17  Supply Depot  
  14  0:25  SCV  
  15  0:39  SCV  
  15  0:40  Barracks  
  16  0:44  Refinery  
  16  0:51  SCV  
  17  1:03  SCV  
  18  1:15  SCV  
  19  1:27  Orbital Command  
  19  1:28  Barracks Reactor  
  19  1:42  Command Center  
  19  1:53  SCV  
  20  1:54  Supply Depot  
  20  2:05  SCV, Marine x2  
  23  2:14  Factory  
  23  2:17  SCV  
  24  2:23  Marine x2  
  24  2:29  SCV  
  27  2:31  Refinery  
  27  2:41  SCV  
  28  2:44  Marine x2  
  30  2:53  SCV  
  30  2:55  Bunker, Orbital Command  
  31  3:04  Starport  
  31  3:07  Factory Tech Lab, SCV  
  31  3:09  Marine  
  31  3:12  Marine  
  34  3:19  SCV  
  35  3:21  SCV  
  35  3:25  Supply Depot  
  36  3:29  Siege Tank  
  36  3:31  SCV  
  36  3:33  SCV  
  41  3:39  Marine x2  
  43  3:41  Medivac  
  43  3:43  SCV  
  46  3:48  Supply Depot  
  46  3:49  SCV  
  47  3:55  SCV  
  47  4:01  SCV  
  49  4:08  SCV  
  50  4:10  Command Center  
  50  4:14  Siege Tank, Marine  
  54  4:17  SCV  
  55  4:29  SCV  
  57  4:34  SCV  
  57  4:37  Supply Depot  
  57  4:42  Starport Reactor  
  57  4:43  SCV  
  57  4:45  Barracks  
  57  4:46  Barracks  
  57  4:49  Supply Depot  
  57  4:50  Barracks Tech Lab  
  57  4:51  SCV  
  52  5:00  SCV  
  52  5:03  SCV  
  52  5:06  Engineering Bay x2  
  54  5:09  Marine  
  54  5:10  Stimpack  
  54  5:12  SCV  
  54  5:13  Factory Reactor  
  53  5:15  SCV  
  53  5:21  Medivac x2  
  58  5:26  Marine, Orbital Command  
  58  5:27  SCV, Refinery  
  60  5:28  Refinery  
  60  5:33  Marine x2  
  60  5:35  Barracks Reactor  
  62  5:37  SCV  
  62  5:38  Barracks  
  62  5:41  Barracks  
  63  5:44  Marine  
  63  5:49  Orbital Command  
  64  5:51  SCV x2, Marine x2  
  68  6:02  Marine  
  68  6:03  SCV  
  70  6:04  SCV  
  70  6:09  Marine x2  
  73  6:12  Marine  
  74  6:21  SCV  
  75  6:29  Marine x2  
  75  6:30  SCV  
  78  6:33  SCV  
  78  6:34  SCV  
  80  6:40  Barracks Reactor x2, Supply Depot  
  80  6:41  Terran Infantry Weapons Level 1, Supply Depot, Terran Infantry Armor Level 1, Medivac x2  
  80  6:43  SCV  
  80  6:45  SCV, Marine x3  
  80  6:46  SCV, Widow Mine  
  92  6:47  Marine  
  93  7:01  Widow Mine  
  93  7:02  SCV x3  
  93  7:04  Marine x4  
  93  7:05  Supply Depot x2, Marine  
  103  7:10  Combat Shields  
  103  7:14  SCV x3, Missile Turret  
  106  7:15  Missile Turret  
  106  7:17  Armory  
  106  7:18  Missile Turret  
  106  7:21  Marine  
  106  7:22  Marine x2  
  108  7:26  SCV x2, Marine x2  
  108  7:29  SCV  
  114  7:32  Marine x4  
  114  7:36  Widow Mine x2  
  118  7:39  Marine x2  
  118  7:40  Supply Depot  
  118  7:42  Supply Depot  
  118  7:43  Supply Depot  
  118  7:44  Supply Depot  
  124  7:48  Factory  
  124  7:53  Marine  
  124  7:57  Marine x6  
  130  8:06  Marine x2  
  130  8:07  Widow Mine x2  
  130  8:08  Medivac x2  
  130  8:11  Marine  
  141  8:14  Supply Depot  
  141  8:15  Supply Depot x2, Marine x4  
  141  8:18  Marine  
  146  8:20  Marine  
  147  8:28  Marine x2  
  147  8:31  Barracks x2  
  147  8:32  Barracks  
  149  8:37  Marine  
  149  8:38  Medivac  
  149  8:40  Marine  
  149  8:56  Command Center, Medivac  
  149  8:57  Missile Turret  
  149  8:58  Factory Tech Lab  
  149  8:59  Supply Depot, Marine  
  149  9:00  Marauder  
  149  9:01  Marine  
  148  9:18  Marine x2  
  148  9:21  Marauder  
  124  9:26  Marine x4  
  124  9:27  Marine  
  124  9:29  Widow Mine x2, Marine  
  124  9:30  Widow Mine  
  130  9:36  Marine x2  
  132  9:40  Marine x3  
  132  9:43  Marauder  
  132  9:44  Marine x5  
  142  9:46  Marine  
  130  9:53  Marine  
  130  9:54  Marine  
  130  9:58  Marine x3  

Tags
 
Add a new tag
Caveats
  • Supply blocks, unpowered buildings, or Contaminate may cause inaccurate times.
  • Supply counts are checked every 10 seconds.